PL
ATHLETIC CLUB KC @ RICHARDSON CITY THUNDERCATS
09/25/2024
 
TOP OF THE 1ST
Athletic Club KC batting - Pitching for Richardson City Thundercats : RHP Cordell Wilson
Pitching: RHP Cordell Wilson
Batting: RHB Jorge Trevino 0-0: Foul Ball, location: 2F
0-1: Ball
1-1: Ground out 6-3 (Groundball, 6)
Batting: LHB Thatcher Douglas 0-0: Ball
1-0: Swinging Strike
1-1: Ball
2-1: Foul Ball, location: 2F
2-2: Foul Ball, location: 2F
2-2: Ball
3-2: Foul Ball, location: 2F
3-2: Base on Balls
Batting: RHB David Edwards 0-0: Ball
1-0: Ball
2-0: Foul Ball, location: 2F
2-1: Foul Ball, location: 2F
2-2: Foul Ball, location: 2F
2-2: Foul Ball, location: 2F
2-2: Ball
3-2: Foul Ball, location: 2F
3-2: Fly out, F8 (Line Drive, 8LS)
Batting: RHB John Downing 0-0: Called Strike
0-1: Ball
1-1: Called Strike
1-2: Strikes out swinging
Top of the 1st over - 0 run(s), 0 hit(s), 0 error(s), 1 left on base; Athletic Club KC 0 - Richardson City 0
BOTTOM OF THE 1ST
Richardson City Thundercats batting - Pitching for Athletic Club KC : RHP Juan Torres
Pitching: RHP Juan Torres
Batting: RHB Alden Wiley 0-0: Swinging Strike
0-1: Called Strike
0-2: Ball
1-2: Foul Ball, location: 2F
1-2: Ball
2-2: Foul Ball, location: 2F
2-2: Foul Ball, location: 2F
2-2: Strikes out looking
Batting: RHB Joey Jones 0-0: Called Strike
0-1: Called Strike
0-2: Ball
1-2: Ground out 6-3 (Groundball, 6)
Batting: LHB Terrence Eler 0-0: Ground out 4-3 (Groundball, 4)
Bottom of the 1st over - 0 run(s), 0 hit(s), 0 error(s), 0 left on base; Athletic Club KC 0 - Richardson City 0
TOP OF THE 2ND
Athletic Club KC batting - Pitching for Richardson City Thundercats : RHP Cordell Wilson
Batting: RHB Ramón Souza 0-0: Ball
1-0: Called Strike
1-1: Foul Ball, location: 2F
1-2: Foul Ball, location: 2F
1-2: Foul Ball, location: 2F
1-2: Strikes out swinging
Batting: LHB Kelly Brown 0-0: Ball
1-0: Ball
2-0: Ball
3-0: Called Strike
3-1: Called Strike
3-2: Fly out, F7 (Flyball, 78M)
Batting: SHB Pedro Vázquez 0-0: Ball
1-0: Ground out 5-3 (Groundball, 5S)
Top of the 2nd over - 0 run(s), 0 hit(s), 0 error(s), 0 left on base; Athletic Club KC 0 - Richardson City 0
BOTTOM OF THE 2ND
Richardson City Thundercats batting - Pitching for Athletic Club KC : RHP Juan Torres
Batting: SHB Seishiro Nishimura 0-0: Called Strike
0-1: Fly out, F9 (Flyball, 89M)
Batting: RHB Juan Cabrera 0-0: Ball
1-0: Called Strike
1-1: SINGLE (Flyball, 89S)
Batting: RHB Nate Cates Pickoff Throw to First - Error! E1
Juan Cabrera to second
0-0: Ball
1-0: Swinging Strike
1-1: Fly out, F9 (Flyball, 9D)
Runner from 2nd tags up, SAFE at 3rd, no throw
Batting: LHB Eduardo Álvarez 0-0: Ball
1-0: Ball
2-0: Ball
3-0: Base on Balls
Batting: RHB Chriss Mann 0-0: Ball
1-0: Ball
2-0: Ball
3-0: Called Strike
3-1: Base on Balls
Eduardo Álvarez to second
Batting: LHB Fernando Ramírez 0-0: Ball
1-0: Ground out 1-3 (Groundball, 13)
Bottom of the 2nd over - 0 run(s), 1 hit(s), 1 error(s), 3 left on base; Athletic Club KC 0 - Richardson City 0
TOP OF THE 3RD
Athletic Club KC batting - Pitching for Richardson City Thundercats : RHP Cordell Wilson
Batting: RHB Rick Atkinson 0-0: Foul Ball, location: 2F
0-1: Foul Ball, location: 2F
0-2: Ball
1-2: Ground out 6-3 (Groundball, 6M)
Batting: RHB Michael Walker 0-0: Ball
1-0: Called Strike
1-1: Foul Ball, location: 2F
1-2: Foul Ball, location: 2F
1-2: Fly out, F8 (Flyball, 8LM)
Batting: RHB Jorge Trevino 0-0: DOUBLE (Flyball, 7LM)
Batting: LHB Thatcher Douglas 0-0: SINGLE (Line Drive, 9LS)
Jorge Trevino to third
Batting: RHB David Edwards 0-0: Foul Ball, location: 2F
0-1: SINGLE (Groundball, 6D)
Jorge Trevino scores
Thatcher Douglas to second
Batting: RHB John Downing 0-0: Ball
1-0: Ball
2-0: Called Strike
2-1: Ball
3-1: Base on Balls
Thatcher Douglas to third
David Edwards to second
Batting: RHB Ramón Souza 0-0: Ball
1-0: Swinging Strike
1-1: Foul Ball, location: 2F
1-2: Ground out 6-3 (Groundball, 6)
Top of the 3rd over - 1 run(s), 3 hit(s), 0 error(s), 3 left on base; Athletic Club KC 1 - Richardson City 0
BOTTOM OF THE 3RD
Richardson City Thundercats batting - Pitching for Athletic Club KC : RHP Juan Torres
Batting: RHB Alden Wiley 0-0: Ball
1-0: Ball
2-0: Ball
3-0: Base on Balls
Batting: RHB Joey Jones 0-0: Called Strike
0-1: Ball
1-1: Swinging Strike
1-2: Fly out, F4 (Popup, 4MD)
Batting: LHB Terrence Eler 0-0: Called Strike
0-1: Ball
1-1: Called Strike
1-2: Foul Ball, location: 2F
1-2: Foul Ball, location: 2F
1-2: Ball
2-2: Ball
3-2: Ground out U3 (Groundball, 3S)
Alden Wiley to second
Batting: SHB Seishiro Nishimura 0-0: DOUBLE (Line Drive, 34D)
Alden Wiley scores
Batting: RHB Juan Cabrera 0-0: SINGLE (Groundball, 56D)
Seishiro Nishimura to third
Runner from 3rd tries for Home, throw and OUT!
Bottom of the 3rd over - 1 run(s), 2 hit(s), 0 error(s), 1 left on base; Athletic Club KC 1 - Richardson City 1
TOP OF THE 4TH
Athletic Club KC batting - Pitching for Richardson City Thundercats : RHP Cordell Wilson
Batting: LHB Kelly Brown 0-0: Foul Ball, location: 2F
0-1: Ground out 6-3 (Groundball, 6M)
Batting: SHB Pedro Vázquez 0-0: Ball
1-0: Fly out, F8 (Flyball, 8LD)
Batting: RHB Rick Atkinson 0-0: Foul Ball, location: 2F
0-1: Foul Ball, location: 2F
0-2: Ball
1-2: Ball
2-2: Fly out, F7 (Flyball, 78M)
Top of the 4th over - 0 run(s), 0 hit(s), 0 error(s), 0 left on base; Athletic Club KC 1 - Richardson City 1
BOTTOM OF THE 4TH
Richardson City Thundercats batting - Pitching for Athletic Club KC : RHP Juan Torres
Batting: RHB Nate Cates 0-0: Ball
1-0: Ball
2-0: Ball
3-0: Base on Balls
Batting: LHB Eduardo Álvarez 0-0: Ball
1-0: Foul Ball, location: 2F
1-1: Called Strike
1-2: Strikes out swinging
Batting: RHB Chriss Mann 0-0: Ball
1-0: Ball
2-0: Called Strike
2-1: Called Strike
2-2: Ball
3-2: Strikes out swinging
Batting: LHB Fernando Ramírez 0-0: Called Strike
0-1: Ground out 5-3 (Groundball, 56S)
Bottom of the 4th over - 0 run(s), 0 hit(s), 0 error(s), 1 left on base; Athletic Club KC 1 - Richardson City 1
TOP OF THE 5TH
Athletic Club KC batting - Pitching for Richardson City Thundercats : RHP Cordell Wilson
Batting: RHB Michael Walker 0-0: Called Strike
0-1: Ball
1-1: Called Strike
1-2: Strikes out swinging
Batting: RHB Jorge Trevino 0-0: Swinging Strike
0-1: Ball
1-1: SINGLE (Line Drive, 56D)
Batting: LHB Thatcher Douglas 0-0: Called Strike
0-1: Ball
1-1: Ball
2-1: Ball
3-1: Called Strike
3-2: SINGLE (Groundball, 4M)
Jorge Trevino to second
Runner from 2nd tries for 3rd, SAFE, throw made to third
Batting: RHB David Edwards 0-0: Ball
1-0: Ball
2-0: Grounds into double play, 6-4-3 (Groundball, 6)
Top of the 5th over - 0 run(s), 2 hit(s), 0 error(s), 1 left on base; Athletic Club KC 1 - Richardson City 1
BOTTOM OF THE 5TH
Richardson City Thundercats batting - Pitching for Athletic Club KC : RHP Juan Torres
Batting: RHB Alden Wiley 0-0: Called Strike
0-1: Foul Ball, location: 2F
0-2: DOUBLE (Groundball, 5L)
Batting: RHB Joey Jones 0-0: Foul Ball, location: 2F
0-1: Called Strike
0-2: Ball
1-2: Strikes out swinging
Batting: LHB Terrence Eler 0-0: Ball
1-0: Foul Ball, location: 2F
1-1: Ball
2-1: Ball
3-1: Fly out, F7 (Popup, 7S)
Batting: SHB Seishiro Nishimura 0-0: Called Strike
0-1: Swinging Strike
0-2: Ball
1-2: Foul Ball, location: 2F
1-2: SINGLE (Groundball, 34D)
Alden Wiley to third
Runner from 3rd tries for Home, SAFE, no throw or cutoff
Batting: RHB Juan Cabrera 0-0: Called Strike
0-1: Foul Ball, location: 2F
0-2: Fly out, F7 (Flyball, 7M)
Bottom of the 5th over - 1 run(s), 2 hit(s), 0 error(s), 1 left on base; Athletic Club KC 1 - Richardson City 2
TOP OF THE 6TH
Athletic Club KC batting - Pitching for Richardson City Thundercats : RHP Cordell Wilson
Batting: RHB John Downing 0-0: Foul Ball, location: 2F
0-1: Ball
1-1: Ball
2-1: Ball
3-1: Foul Ball, location: 2F
3-2: Foul Ball, location: 2F
3-2: SOLO HOME RUN (Flyball, 7D), Distance : 446 ft
Batting: RHB Ramón Souza 0-0: Foul Ball, location: 2F
0-1: Ball
1-1: Called Strike
1-2: Strikes out swinging
Batting: LHB Kelly Brown 0-0: Ball
1-0: Ball
2-0: Swinging Strike
2-1: Ground out 6-3 (Groundball, 6)
Batting: SHB Pedro Vázquez 0-0: Called Strike
0-1: Swinging Strike
0-2: Ball
1-2: Strikes out looking
Top of the 6th over - 1 run(s), 1 hit(s), 0 error(s), 0 left on base; Athletic Club KC 2 - Richardson City 2
BOTTOM OF THE 6TH
Richardson City Thundercats batting - Pitching for Athletic Club KC : RHP Juan Torres
Batting: RHB Nate Cates 0-0: Ball
1-0: Foul Ball, location: 2F
1-1: Foul Ball, location: 2F
1-2: Strikes out looking
Batting: LHB Eduardo Álvarez 0-0: Called Strike
0-1: Fly out, F7 (Flyball, 7S)
Batting: RHB Chriss Mann 0-0: Called Strike
0-1: Called Strike
0-2: Foul Ball, location: 2F
0-2: Ground out 6-3 (Groundball, 6M)
Bottom of the 6th over - 0 run(s), 0 hit(s), 0 error(s), 0 left on base; Athletic Club KC 2 - Richardson City 2
TOP OF THE 7TH
Athletic Club KC batting - Pitching for Richardson City Thundercats : RHP Cordell Wilson
Batting: RHB Rick Atkinson 0-0: Ball
1-0: Foul Ball, location: 2F
1-1: Called Strike
1-2: Foul Ball, location: 2F
1-2: Ball
2-2: Ball
3-2: Fly out, F7 (Flyball, 7M)
Pitching: LHP Javier Ramírez
Batting: RHB Michael Walker 0-0: Called Strike
0-1: Foul Ball, location: 2F
0-2: Foul Ball, location: 2F
0-2: Strikes out looking
Batting: RHB Jorge Trevino 0-0: Ball
1-0: Called Strike
1-1: Fly out, F8 (Flyball, 8RXD)
Top of the 7th over - 0 run(s), 0 hit(s), 0 error(s), 0 left on base; Athletic Club KC 2 - Richardson City 2
BOTTOM OF THE 7TH
Richardson City Thundercats batting - Pitching for Athletic Club KC : RHP Juan Torres
Batting: LHB Fernando Ramírez 0-0: Ball
1-0: Foul Ball, location: 2F
1-1: Foul Ball, location: 2F
1-2: Ball
2-2: Foul Ball, location: 2F
2-2: Ball
3-2: Fly out, F9 (Flyball, 89S)
Batting: RHB Alden Wiley 0-0: Ball
1-0: Foul Ball, location: 2F
1-1: Foul Ball, location: 2F
1-2: Foul Ball, location: 2F
1-2: Ball
2-2: Ball
3-2: Ground out 1-3 (Groundball, 13S)
Batting: RHB Joey Jones 0-0: Ball
1-0: Ball
2-0: Ball
3-0: Base on Balls
Pitching: RHP Ole Kos
Batting: LHB Terrence Eler 0-0: Ball
Wild Pitch!
Joey Jones to second
1-0: Called Strike
1-1: Fly out, F9 (Flyball, 9D)
Bottom of the 7th over - 0 run(s), 0 hit(s), 0 error(s), 1 left on base; Athletic Club KC 2 - Richardson City 2
TOP OF THE 8TH
Athletic Club KC batting - Pitching for Richardson City Thundercats : LHP Javier Ramírez
Batting: LHB Thatcher Douglas 0-0: Ball
1-0: Ball
2-0: Foul Ball, location: 2F
2-1: Called Strike
2-2: Strikes out swinging
Batting: RHB David Edwards 0-0: Ball
1-0: Called Strike
1-1: Ball
2-1: Ball
3-1: Foul Ball, location: 2F
3-2: Strikes out swinging
Batting: RHB John Downing 0-0: Called Strike
0-1: Foul Ball, location: 2F
0-2: Ball
1-2: Strikes out swinging
Top of the 8th over - 0 run(s), 0 hit(s), 0 error(s), 0 left on base; Athletic Club KC 2 - Richardson City 2
BOTTOM OF THE 8TH
Richardson City Thundercats batting - Pitching for Athletic Club KC : RHP Ole Kos
Batting: SHB Seishiro Nishimura 0-0: Ball
1-0: Foul Ball, location: 2F
1-1: TRIPLE (Line Drive, 9LM)
Batting: RHB Juan Cabrera 0-0: Ball
1-0: Fly out, F2 (Popup, 2LF)
Batting: RHB Nate Cates 0-0: Ball
1-0: Fly out, F8 (Flyball, 8RD)
Runner from 3rd tags up, SCORES, no throw
Batting: LHB Eduardo Álvarez 0-0: Ball
1-0: Foul Ball, location: 2F
1-1: Called Strike
1-2: Ball
2-2: Ball
3-2: Foul Ball, location: 2F
3-2: Foul Ball, location: 2F
3-2: Base on Balls
Batting: RHB Chriss Mann 0-0: Called Strike
0-1: Ball
1-1: Ball
Eduardo Álvarez steals 2nd base
2-1: SINGLE (Groundball, 6)
Eduardo Álvarez to third
Runner from 3rd tries for Home, SAFE, no throw or cutoff
Batting: LHB Fernando Ramírez 0-0: Called Strike
0-1: Ball
1-1: Ball
2-1: Foul Ball, location: 2F
2-2: Strikes out swinging
Bottom of the 8th over - 2 run(s), 2 hit(s), 0 error(s), 1 left on base; Athletic Club KC 2 - Richardson City 4
TOP OF THE 9TH
Athletic Club KC batting - Pitching for Richardson City Thundercats : LHP Javier Ramírez
Pitching: RHP Dave Reed
Batting: RHB Ramón Souza 0-0: Called Strike
0-1: Ground out 6-3 (Groundball, 6)
Batting: LHB Kelly Brown 0-0: Called Strike
0-1: Called Strike
0-2: Ball
1-2: Ball
2-2: Ball
3-2: Foul Ball, location: 2F
3-2: Strikes out swinging
Batting: SHB Pedro Vázquez 0-0: Called Strike
0-1: Foul Ball, location: 2F
0-2: Foul Ball, location: 2F
0-2: Ball
1-2: Strikes out swinging
Top of the 9th over - 0 run(s), 0 hit(s), 0 error(s), 0 left on base; Athletic Club KC 2 - Richardson City 4
This league is powered by Out of the Park Baseball, the baseball management simulation game for PC, Mac and Linux
Monday, October 3rd, 2016 - OOTP Baseball 16.9 Build 39